 Dungeon Crawl Stone Soup version 0.27-a0-920-gb2bd10914a (webtiles) character file.

Game seed: 13325928466003325240

52 robertstho the Magician (level 3, -8/25 HPs)
             Began as a Djinni Fire Elementalist on Apr 9, 2021.
             Splashed by Ijyb's acid (9 damage)
             ... on level 3 of the Dungeon.
             The game lasted 00:02:10 (2474 turns).

robertstho the Magician (Djinni Fire Elementalist)  Turns: 2474, Time: 00:02:10

Health: -8/25      AC: -1    Str:  7    XL:     3   Next: 85%
Gold:   68         EV: 12    Int: 17    God:
                   SH:  0    Dex: 13

rFire    + + .     SeeInvis .   i - +3 war axe
rCold    x . .     Faith    .   (no shield)
rNeg     . . .     Spirit   .   a - +0 robe
rPois    ∞         Reflect  .   (no helmet)
rElec    .         Harm     .   (no cloak)
rCorr    .         Rampage  .   j - +0 pair of gloves
Will     .....                  (boots unavailable)
Stlth    ++........             (no amulet)
HPRegen  0.08/turn              (no ring)
MPRegen  0.00/turn              (no ring)

@: corroded, flying
A: fire resistance 2, cold vulnerability 1, float, innate caster, hp casting,
extra vitality 1
a: no special abilities


You were on level 3 of the Dungeon.
You visited 1 branch of the dungeon, and saw 3 of its levels.

You collected 68 gold pieces.

Inventory:

Hand Weapons
 b - a +0 dagger
 i - a +3 war axe (weapon)
Missiles
 n - 3 curare-tipped darts
Armour
 a - a +0 robe (worn)
 j - a +0 pair of gloves (worn)
Jewellery
 k - a ring of resist corrosion
Scrolls
 d - 4 scrolls of identify {unknown}
 e - a scroll of teleportation {unknown}
 f - a scroll of torment {unknown}
 h - a scroll of magic mapping {unknown}
Potions
 c - a potion of brilliance {unknown}
 g - 2 potions of ambrosia {unknown}
 l - a potion of might {unknown}
 m - a potion of magic {unknown}
 o - a potion of mutation {unknown}


   Skills:
 + Level 2.4 Dodging
 + Level 1.7 Stealth
 + Level 3.8 Spellcasting


You couldn't memorise any spells.
You knew the following spells:

 Your Spells              Type           Power      Damage    Failure   Level
a - Foxfire               Conj/Fire      64%        2x1d7     3%          1
b - Conjure Flame         Conj/Fire      16%        6-21      10%         3
c - Inner Flame           Hex/Fire       16%        N/A       10%         3
d - Sticky Flame          Conj/Fire      16%        2d4       32%         4
e - Fireball              Conj/Fire      8%         3d6       65%         5
f - Beastly Appendage     Tmut           32%        N/A       3%          1
Your spell library was empty.

Dungeon Overview and Level Annotations

Branches:
Dungeon (3/15)

Altars:

Annotations:
D:3 Ijyb


Innate Abilities, Weirdness & Mutations

You are immune to poison.
Your flesh is very heat resistant. (rF++)
You are vulnerable to cold. (rC-)
You float through the air rather than walking.
You learn spells naturally, not from books.
Your magical power is your life essence.
You have superior vitality. (+4 HP)


Message History

Done exploring.
Done exploring.
Done exploring.
Done exploring.
(D) Dungeon
Where to? (Enter - D:2, ? - help)
There is a stone staircase leading down here.
You fly downwards.
There is a stone staircase leading up here.
Ijyb the Twisted Goblin comes into view.
She is wielding a +0 club and carrying a wand of acid (13).
Ijyb is nearby!
Ijyb is nearby!
Ijyb is nearby!
Ijyb is nearby!
Casting: Foxfire (safe; 3% risk of failure)
Confirm with . or Enter, or press ? or * to list all spells.
You conjure some foxfire!
The foxfire hits Ijyb.
Ijyb is lightly wounded.
The foxfire hits Ijyb.
Ijyb is moderately wounded.
Casting: Foxfire (safe; 3% risk of failure)
Confirm with . or Enter, or press ? or * to list all spells.
You conjure some foxfire!
The foxfire hits Ijyb but does no damage.
Ijyb is moderately wounded.
The foxfire hits Ijyb but does no damage.
Ijyb is moderately wounded.
Casting: Foxfire (safe; 3% risk of failure)
Confirm with . or Enter, or press ? or * to list all spells.
You conjure some foxfire!
The foxfire hits Ijyb but does no damage.
Ijyb is moderately wounded.
The foxfire hits Ijyb.
Ijyb is moderately wounded.
Ijyb zaps a wand.
The bolt of acid hits you!!
Ouch! That really hurt!
* * * LOW HITPOINT WARNING * * *
The acid corrodes you!
You are splashed with acid!
You die...

##################
#@§...............
#.################
#g# #.# #.# #.#
#.# #.#


You could see Ijyb.

Vanquished Creatures
  A gnoll (D:1)
  A worm (D:2)
  11 ball pythons
  An endoplasm (D:2)
  3 giant cockroaches
  3 goblins
  A hobgoblin (D:1)
  8 kobolds
  A quokka (D:2)
  5 bats
  A frilled lizard (D:2)
  3 rats
39 creatures vanquished.

Vanquished Creatures (others)
  122 foxfires
122 creatures vanquished.

Grand Total: 161 creatures vanquished

Notes
Turn   | Place    | Note
-------+----------+-------------------------------------------
     0 | D:1      | robertstho the Djinni Fire Elementalist began the quest for
                  | the Orb.
     0 | D:1      | Reached XP level 1. HP: 15/15 MP: 0/0
    33 | D:1      | Found a faded altar of an unknown god.
   329 | D:1      | Reached skill level 3 in Spellcasting
   329 | D:1      | Reached XP level 2. HP: 18/21 MP: 0/0
   844 | D:1      | Reached XP level 3. HP: 20/25 MP: 0/0
   844 | D:1      | Learned a level 1 spell: Beastly Appendage
  2467 | D:3      | Noticed Ijyb
  2474 | D:3      | HP: 1/25 [Ijyb/bolt of acid (22)]
  2474 | D:3      | Splashed by Ijyb's acid

Illustrated notes

Levels and vault maps discovered:
D:1:      doesnt_arrival_eight_statues, layout_loops_cross,
          basic_ecumenical_altar
D:2:      layout_loops_ring, nrook_campfire, minmay_small_reverse_x
D:3:      layout_basic, uniq_ijyb

Skill      XL: |  1 |
---------------+----+-----
Spellcasting   | 3 |  3.8
Dodging        | |  2.4
Stealth        | |  1.7

Action                   || total
-------------------------++-------
Melee: Dagger            ||     6
 Cast: Foxfire           ||    78
Armor: Robe              ||    10
Dodge: Dodged            ||    26

Table legend: (Time is in decaauts)
 A = Elapsed time spent in this place.
 B = Non-inter-level travel time spent in this place.
 C = Inter-level travel time spent in this place.
 D = Time resting spent in this place.
 E = Time spent auto-exploring this place.
 F = Levels seen in this place.
 G = Mean time per level.
                   A        B        C        D        E       F      G
               +--------+--------+--------+--------+--------+-----+--------+
         Total |   2472 |   2411 |     61 |      0 |   2125 |   3 |  824.0 |
       Dungeon |   2472 |   2411 |     61 |      0 |   2125 |   3 |  824.0 |
               +--------+--------+--------+--------+--------+-----+--------+

Top non-repeatable levels by time:
     D:1: 1310 daAuts
     D:2: 1137 daAuts
     D:3: 24 daAuts
